 Dungeon Crawl Stone Soup version 0.24-a0-525-g9231cdcba1 (webtiles) character file.

Game seed: 381910096107955319

95 Mithandil the Skirmisher (level 4, -9/40 HPs)
             Began as a Hill Orc Fighter on Aug 3, 2019.
             Mangled by a gnoll
             ... wielding a +0 halberd
              (15 damage)
             ... on level 2 of the Dungeon.
             The game lasted 00:11:59 (1505 turns).

Mithandil the Skirmisher (Hill Orc Fighter)         Turns: 1505, Time: 00:12:00

Health: -9/40      AC:  6    Str: 19    XL:     4   Next: 66%
Magic:  4/4        EV:  7    Int:  8    God:
Gold:   113        SH:  9    Dex: 10    Spells: 3/3 levels left

rFire    . . .     SeeInvis .   a - +3 war axe
rCold    . . .     Gourm    .   c - +0 shield
rNeg     . . .     Faith    .   b - +0 scale mail
rPois    .         Spirit   .   (no helmet)
rElec    .         Reflect  .   (no cloak)
rCorr    .         Harm     .   (no gloves)
MR       .....                  (no boots)
Stlth    ..........             (no amulet)
HPRegen  0.13/turn              (no ring)
MPRegen  0.09/turn              (no ring)

@: lethally poisoned (-9 -> -9)
A: no striking features
a: no special abilities


You were on level 2 of the Dungeon.
You were not hungry.

You visited 1 branch of the dungeon, and saw 3 of its levels.

You collected 113 gold pieces.

Inventory:

Hand Weapons
 a - a +3 war axe (weapon)
 e - a +0 club
 l - a +0 hunting sling
 m - a +0 spear
 n - a +0 short sword
 o - a +0 club
Missiles
 p - 13 poisoned darts (quivered)
Armour
 b - a +0 scale mail (worn)
 c - a +0 shield (worn)
Scrolls
 j - a scroll of remove curse {unknown}
Potions
 d - 2 potions of might
 h - a potion of flight
 i - a potion of brilliance {unknown}
 k - a potion of degeneration {unknown}
Comestibles
 f - 3 rations


   Skills:
 * Level 4.2 Fighting
 * Level 3.6 Axes
 + Level 1.0 Throwing
 + Level 3.6 Armour
 + Level 0.8 Dodging
 * Level 4.1 Shields


You had 3 spell levels left.
You didn't know any spells.
Your spell library was empty.

Dungeon Overview and Level Annotations

Branches:
Dungeon (3/15)

Altars:

Annotations:
D:3 Grinder, Ijyb


Message History

You feel sick. The adder bites you but does no damage.
You block the gnoll's attack. The adder bites you but does no damage.
The gnoll hits you with a +0 flail.
All of the chunks of flesh in your inventory have rotted away.
You slash the adder!
You kill the adder!
Your Throwing skill increases to level 1!
You slash the gnoll!
The gnoll hits you from afar with a +0 halberd.
You block the gnoll's attack.
You barely miss the gnoll.
The gnoll is heavily wounded.
You block the gnoll's attack. The gnoll closely misses you.
The gnoll hits you from afar with a +0 halberd!
* * * LOW HITPOINT WARNING * * *
Your shield and scale mail prevent you from hitting the gnoll.
The gnoll is heavily wounded.
You feel sick. The gnoll hits you but does no damage.
The gnoll hits you from afar with a +0 halberd!
You die...

#### ###### #..
.....# ##g#########
####.# #..g@)..$...
#.# #..######### ..
#.# #..#### #.#
####.########.....#
..
....÷.......)...#.###
..
###..######.#..>....#
. #..# #.#÷###......
###..# #.#.# ##^###
...... ..#.# #


You could see 2 gnolls.

Vanquished Creatures
  A gnoll (D:1)
  4 adders (D:2)
  A worm (D:2)
  2 leopard geckos
  3 bats (D:1)
  A giant cockroach (D:2)
  4 goblins
  3 hobgoblins (D:1)
  6 jackals
  2 quokkas (D:2)
  3 frilled lizards
  8 kobolds
  6 rats
44 creatures vanquished.

Notes
Turn   | Place    | Note
-------+----------+-------------------------------------------
     0 | D:1      | Mithandil the Hill Orc Fighter began the quest for the Orb.
     0 | D:1      | Reached XP level 1. HP: 19/19 MP: 1/1
   135 | D:1      | Reached XP level 2. HP: 24/27 MP: 2/2
   564 | D:1      | Reached XP level 3. HP: 32/33 MP: 3/3
  1135 | D:2      | Reached XP level 4. HP: 39/40 MP: 4/4
  1193 | D:3      | Noticed Ijyb
  1238 | D:3      | Noticed Grinder
  1503 | D:2      | Reached skill level 1 in Throwing
  1505 | D:2      | Mangled by a gnoll

Levels and vault maps discovered:
D:1:      dpeg_arrival_pits, layout_basic
D:2:      layout_loops_ring, ashenzari_conservatory_becter
D:3:      layout_basic, zin_treasury, first_ration, uniq_ijyb, uniq_grinder

Skill      XL: |  1  2  3  4 |
---------------+-------------+-----
Axes           | 3 |  3.6
Fighting       | 4 |  4.2
Shields        | 4 |  4.1
Throwing       | 1 |  1.0
Armour         | |  3.6
Dodging        | |  0.8

Action                   |  1- 3 |  4- 6 || total
-------------------------+-------+-------++-------
Melee: War axe           |    80 |    42 ||   122
  Use: Scroll            |     4 |       ||     4
  Eat: Chunk             |       |     2 ||     2
Armor: Scale mail        |    35 |    14 ||    49
Dodge: Dodged            |    33 |     9 ||    42
Block: Shield            |    43 |    19 ||    62

Table legend:
 A = Non-vault XP
 B = Vault XP
 C = Vault XP percentage of total XP
 D = Non-vault monster count
 E = Vault monster count
 F = Vault count percentage of total count
                 A         B        C        D         E       F
            +---------+---------+-------+---------+---------+-------
      Total |     137 |       0 |   0.0 |      44 |       0 |   0.0
            +---------+---------+-------+---------+---------+-------
        D:1 |      53 |       0 |   0.0 |      26 |       0 |   0.0
        D:2 |      84 |       0 |   0.0 |      18 |       0 |   0.0
            +---------+---------+-------+---------+---------+-------
